 Dungeon Crawl Stone Soup version 0.27.1-33-g824d729ab1 (webtiles) character file.

Game seed: 2078658687149234984

209 Destapler the Poker (level 5, 0/42 HPs)
             Began as a Merfolk Gladiator on Dec 27, 2021.
             Was a Follower of the Shining One.
             Slain by a hobgoblin (4 damage)
             ... on level 3 of the Dungeon.
             The game lasted 00:07:29 (2197 turns).

Destapler the Poker (Merfolk Gladiator)             Turns: 2197, Time: 00:07:29

Health: 0/42       AC:  5    Str: 14    XL:     5   Next: 87%
Magic:  5/5        EV: 13    Int:  8    God:    the Shining One [*.....]
Gold:   119        SH:  0    Dex: 16    Spells: 4/4 levels left

rFire    . . .     SeeInvis .   a - +1 trident
rCold    . . .     Faith    .   (no shield)
rNeg     . . .     Spirit   .   b - +1 leather armour
rPois    .         Reflect  .   c - +0 helmet
rElec    .         Harm     .   (no cloak)
rCorr    .         Rampage  .   (no gloves)
Will     .....                  (no boots)
Stlth    +.........             k - amulet of magic regeneration
HPRegen  0.14/turn              (no ring)
MPRegen  0.34/turn              (no ring)

@: glowing
A: (nimble swimmer 2), mertail
a: Renounce Religion


You were on level 3 of the Dungeon.
You worshipped the Shining One.
The Shining One was aware of your devotion.
You visited 1 branch of the dungeon, and saw 3 of its levels.

You collected 119 gold pieces.

Inventory:

Hand Weapons
 a - a +1 trident (weapon)
Missiles
 d - 3 throwing nets (quivered)
 e - 20 poisoned darts
 f - 4 boomerangs
Armour
 b - a +1 leather armour (worn)
 c - a +0 helmet (worn)
Jewellery
 k - an amulet of magic regeneration (around neck)
Scrolls
 i - a scroll of enchant weapon


   Skills:
 * Level 4.0 Fighting
 + Level 5.1 Polearms
 + Level 2.6 Throwing
 + Level 1.0 Armour
 + Level 4.7 Dodging
 - Level 1.0 Stealth
 + Level 1.5 Shields
 + Level 1.2 Invocations


You had 4 spell levels left.
You didn't know any spells.
Your spell library contained the following spells:

 Spells                   Type           Power      Damage    Failure   Level
 Animate Dead             Necr           0%         N/A       99%         4
 Haunt                    Necr/Summ      0%         N/A       100%        7
 Infestation              Necr           0%         N/A       100%        8


Dungeon Overview and Level Annotations

Branches:
Dungeon (3/15)

Altars:
The Shining One

Shops:
D:2 (


Innate Abilities, Weirdness & Mutations

((You are quick and stealthy near water. (Stealth+, EV+, Speed+++)))
Your lower body shifts to a powerful aquatic tail in water.


Message History

The hobgoblin hits you but does no damage.
The kobold hits you with a +0 short sword.
* * * LOW HITPOINT WARNING * * *
The giant cockroach misses you. The hobgoblin closely misses you.
The worm bites you.
* * * LOW HITPOINT WARNING * * *
You hear the quick rusting of a drain very nearby.
The giant cockroach bites you.
* * * LOW HITPOINT WARNING * * *
There is a stone staircase leading up here.
The giant cockroach waves its antennae.
The giant cockroach barely misses you.
The giant cockroach bites you but does no damage.
The hobgoblin closely misses you.
The giant cockroach bites you but does no damage.
The giant cockroach misses you. The goblin hits you but does no damage.
You aren't carrying any potions.
Okay, then.
The hobgoblin barely misses you. The giant cockroach bites you.
* * * LOW HITPOINT WARNING * * *
The giant cockroach bites you but does no damage.
The giant cockroach closely misses you. The giant cockroach barely misses you.
The giant cockroach bites you but does no damage.
You barely miss the hobgoblin. The hobgoblin barely misses you.
The giant cockroach misses you. The giant cockroach closely misses you.
You aren't carrying any potions.
You hit the giant cockroach.
The giant cockroach is heavily wounded.
The giant cockroach bites you but does no damage.
The giant cockroach misses you.
The hobgoblin hits you but does no damage.
Okay, then.
You hit the giant cockroach.
You kill the giant cockroach!
The giant cockroach bites you.
* * * LOW HITPOINT WARNING * * *
The hobgoblin hits you.
You die...

#....####.#
#?...#.# #.#
.>.##.#<# #.#
###
..###.#.####.#
#.....
.......w.....#
..#
######..####.#
### #..KB.#
#....B#
#..gg@#
#######


You could see a worm, 2 giant cockroaches, a hobgoblin, a goblin and a kobold.

Vanquished Creatures
  A water moccasin skeleton (D:3)
  2 orc wizards (D:3)
  Ijyb (D:3)
  An adder (D:3)
  A worm (D:2)
  2 dart slugs (D:1)
  3 orcs (D:3)
  7 ball pythons
  4 endoplasms
  8 giant cockroaches
  4 goblins
  4 hobgoblins
  4 jackals
  5 quokkas
  4 bats
  2 frilled lizards (D:1)
  5 kobolds
  6 rats
64 creatures vanquished.

Notes
Turn   | Place    | Note
-------+----------+-------------------------------------------
     0 | D:1      | Destapler the Merfolk Gladiator began the quest for the
                  | Orb.
     0 | D:1      | Reached XP level 1. HP: 16/16 MP: 1/1
   380 | D:1      | Reached XP level 2. HP: 23/23 MP: 2/2
   492 | D:1      | Reached XP level 3. HP: 12/28 MP: 3/3
  1395 | D:2      | Found a faded altar of an unknown god.
  1408 | D:2      | Became a worshipper of the Shining One
  1408 | D:2      | Reached * piety under the Shining One
  1493 | D:2      | Reached skill level 1 in Shields
  1584 | D:2      | Found Vadowamn's Weapon Shop.
  1607 | D:2      | Reached XP level 4. HP: 34/35 MP: 4/4
  1863 | D:3      | Reached skill level 1 in Stealth
  1874 | D:3      | Reached XP level 5. HP: 10/42 MP: 5/5
  1989 | D:3      | HP: 2/42 [water moccasin skeleton (6)]
  1997 | D:3      | Reached skill level 5 in Polearms
  1997 | D:3      | Reached skill level 1 in Invocations
  2017 | D:3      | Reached skill level 1 in Armour
  2128 | D:3      | Noticed Ijyb
  2128 | D:3      | Paralysed by Ijyb for 5 turns
  2149 | D:3      | Killed Ijyb
  2197 | D:3      | Slain by a hobgoblin

Illustrated notes

Levels and vault maps discovered:
D:1:      dpeg_arrival_chambers_temple_mockup, layout_rooms
D:2:      layout_loops_ring, serial_shops, shop,
          shapermc_ecumenical_altar_notcrosses, minivault_19,
          minmay_misc_feat_hallway
D:3:      layout_rooms, portal_sewer_entry_f, minivault_5,
          minmay_misc_feat_room, supply_closet_lemuel,
          chequers_serial_rivers_small_3, uniq_ijyb, uniq_terence

Skill      XL: |  1  2  3  4  5 |
---------------+----------------+-----
Fighting       | 3 4 |  4.0
Shields        | 1 |  1.5
Stealth        | 1 |  1.0
Polearms       | 5 |  5.1
Invocations    | 1 |  1.2
Armour         | 1 |  1.0
Throwing       | |  2.6
Dodging        | |  4.7

Action                   |  1- 3 |  4- 6 || total
-------------------------+-------+-------++-------
Melee: Trident           |   134 |    78 ||   212
       Tailslap          |       |     1 ||     1
  Use: Scroll            |       |     4 ||     4
       Potion            |       |     3 ||     3
 Stab: Sleeping          |     3 |       ||     3
       Distracted        |     1 |       ||     1
Armor: Leather armour    |    32 |    45 ||    77
Dodge: Dodged            |    97 |   118 ||   215
